 Dungeon Crawl Stone Soup version 0.27-a0-780-geb8d7bc690 (webtiles) character file.

Game seed: 7136247205911998330

67 Glokmah the Magician (level 4, -2/32 HPs)
             Began as a Djinni Fire Elementalist on Mar 26, 2021.
             Killed by divine providence
             ... invoked by an orc priest
              (12 damage)
             ... on level 4 of the Dungeon.
             The game lasted 00:05:03 (3775 turns).

Glokmah the Magician (Djinni Fire Elementalist)     Turns: 3775, Time: 00:05:04

Health: -2/32      AC:  2    Str:  7    XL:     4   Next: 16%
Gold:   197        EV: 12    Int: 18    God:
                   SH:  0    Dex: 13

rFire    + + .     SeeInvis .   f - +3 mace
rCold    x . .     Faith    .   (no shield)
rNeg     . . .     Spirit   .   a - +0 robe
rPois    ∞         Reflect  .   (no helmet)
rElec    .         Harm     .   (no cloak)
rCorr    .         Rampage  .   (no gloves)
Will     .....                  (boots unavailable)
Stlth    ++........             (no amulet)
HPRegen  0.10/turn              (no ring)
MPRegen  0.00/turn              (no ring)

@: flying
A: fire resistance 2, cold vulnerability 1, float, innate caster, hp casting,
extra vitality 1
a: no special abilities


You were on level 4 of the Dungeon.
You visited 1 branch of the dungeon, and saw 4 of its levels.

You collected 197 gold pieces.

Inventory:

Hand Weapons
 f - a +3 mace (weapon)
Missiles
 b - 76 stones
 n - 2 throwing nets
 q - 16 poisoned darts (quivered)
 r - 5 boomerangs
Armour
 a - a +0 robe (worn)
 l - a +0 leather armour
Jewellery
 k - a ring of flight
 m - an amulet of faith
 p - a +6 ring of dexterity
Scrolls
 g - a scroll of enchant weapon {unknown}
 h - 3 scrolls of identify {unknown}
 i - a scroll of noise {unknown}
 j - a scroll of enchant armour {unknown}
Potions
 c - a potion of might {unknown}
 d - a potion of haste {unknown}
 e - a potion of attraction {unknown}
 o - a potion of curing {unknown}


   Skills:
 + Level 1.3 Fighting
 + Level 1.3 Armour
 + Level 2.9 Dodging
 - Level 1.5 Stealth
 * Level 3.3 Spellcasting


You couldn't memorise any spells.
You knew the following spells:

 Your Spells              Type           Power      Damage    Failure   Level
a - Foxfire               Conj/Fire      60%        2x1d7     4%          1
b - Conjure Flame         Conj/Fire      15%        6-21      12%         3
c - Inner Flame           Hex/Fire       15%        N/A       12%         3
d - Sticky Flame          Conj/Fire      15%        2d4       36%         4
e - Fireball              Conj/Fire      7%         3d5       73%         5
f - Corona                Hex            16%        N/A       4%          1
Your spell library was empty.

Dungeon Overview and Level Annotations

Branches:
Dungeon (4/15)
 Temple: D:4-7

Altars:

Shops:
D:2 ?   D:3 (


Innate Abilities, Weirdness & Mutations

You are immune to poison.
Your flesh is very heat resistant. (rF++)
You are vulnerable to cold. (rC-)
You float through the air rather than walking.
You learn spells naturally, not from books.
Your magical power is your life essence.
You have superior vitality. (+4 HP)


Message History

Confirm with . or Enter, or press ? or * to list all spells.
The spell is quite dangerous to cast (12% risk of failure)!
Continue anyway?
Aiming: Inner Flame (quite dangerous; 12% risk of failure)
Press: ? - help, Shift-Dir - straight line, f - orc
Aim: an orc, wielding a +0 short sword and wearing a +0 ring mail (chance to affect: 83%)
The orc is filled with an inner flame.
The orc shouts!
The goblin shouts!
A goblin comes into view. It is wielding a +0 club.
The goblin hits you with a +0 dagger.
An orc priest comes into view. It is wielding a +0 dagger.
The orc shouts!
Throw: 17 darts (poison)
Press: ? - help, Q - select action, (/) - cycle Shift-Dir - straight line, f/p - orc
Aim: an orc, wielding a +0 short sword and wearing a +0 ring mail (inner flame, 60% to hit)
You throw a poisoned dart. The poisoned dart hits the orc.
The orc is poisoned.
The orc hits you with a +0 short sword. The goblin hits you with a +0 dagger.
Casting: Inner Flame (quite dangerous; 12% risk of failure)
Confirm with . or Enter, or press ? or * to list all spells.
You conjure some foxfire!
A quokka comes into view.
The orc barely misses you. The goblin closely misses you.
Unknown command.
Casting: Foxfire (safe; 4% risk of failure)
Confirm with . or Enter, or press ? or * to list all spells.
The spell is quite dangerous to cast (12% risk of failure)!
Continue anyway?
Aiming: Inner Flame (quite dangerous; 12% risk of failure)
Press: ? - help, Shift-Dir - straight line, f/p - orc
Aim: an orc, wielding a +0 short sword and wearing a +0 ring mail (inner flame, poisoned, ally target, chance to affect: 83%)
The orc is filled with an inner flame.
The foxfire hits the goblin.
You kill the goblin!
The foxfire hits the orc.
Flame seeps out of the orc.
The orc is moderately wounded.
The orc hits you from afar with a +0 trident!
The orc priest casts a cantrip, but nothing happens.
Casting: Inner Flame (quite dangerous; 12% risk of failure)
Confirm with . or Enter, or press ? or * to list all spells.
You conjure some foxfire!
Flame seeps out of the orc.
The orc priest calls down the wrath of Beogh upon you.
Beogh smites you!
You die...

..... ....
######...
.........
..o...##.#
ooo....# #o)#..#
#v@#..# ###§v#..#
##rg..#..#
.........######
..##.#.##<.......
. #.#. ##.######
# #. .# #. .# .#


You could see 2 orc priests, 3 orcs, a quokka and a goblin (ally target).

Vanquished Creatures
  2 adders
  2 orcs (D:3)
  5 ball pythons
  6 bats
  4 endoplasms
  2 giant cockroaches
  A goblin (D:4)
  3 hobgoblins
  5 kobolds
  7 quokkas
  3 frilled lizards
  4 rats
44 creatures vanquished.

Vanquished Creatures (others)
  74 foxfires
74 creatures vanquished.

Grand Total: 118 creatures vanquished

Notes
Turn   | Place    | Note
-------+----------+-------------------------------------------
     0 | D:1      | Glokmah the Djinni Fire Elementalist began the quest for
                  | the Orb.
     0 | D:1      | Reached XP level 1. HP: 15/15 MP: 0/0
   542 | D:1      | Reached XP level 2. HP: 4/22 MP: 0/0
  1113 | D:1      | Reached skill level 3 in Spellcasting
  1629 | D:2      | Reached skill level 1 in Fighting
  1629 | D:2      | Reached XP level 3. HP: 24/27 MP: 0/0
  1629 | D:2      | Learned a level 1 spell: Corona
  1698 | D:2      | Reached skill level 1 in Armour
  1804 | D:2      | Found Esuth's Magic Scroll Emporium.
  2118 | D:3      | Found Pogaiplo's Antique Weapon Shop.
  3298 | D:3      | Reached XP level 4. HP: 31/32 MP: 0/0
  3775 | D:4      | Killed from afar by an orc priest

Illustrated notes

Levels and vault maps discovered:
D:1:      lemuel_arrival_lava_pool, layout_basic,
          corexii_item_surrounded_by_moat
D:2:      layout_rooms, serial_shops, shop, minmay_split_cup_large
D:3:      layout_basic, serial_shops, nicolae_shop_stone, roderic_lattice_a,
          mrwooster_statue_mirror
D:4:      corexii_shack_village, layout_loops_ring, uniq_ijyb

Skill      XL: |  1  2  3 |
---------------+----------+-----
Spellcasting   | 3 |  3.3
Fighting       | 1 |  1.3
Armour         | 1 |  1.3
Dodging        | |  2.9
Stealth        | |  1.5

Action                   |  1- 3 |  4- 6 || total
-------------------------+-------+-------++-------
Melee: Mace              |    38 |       ||    38
Throw: Dart              |       |     1 ||     1
 Cast: Foxfire           |    53 |     3 ||    56
       Inner Flame       |       |     2 ||     2
Armor: Robe              |     5 |       ||     5
Dodge: Dodged            |    29 |     3 ||    32

Table legend: (Time is in decaauts)
 A = Elapsed time spent in this place.
 B = Non-inter-level travel time spent in this place.
 C = Inter-level travel time spent in this place.
 D = Time resting spent in this place.
 E = Time spent auto-exploring this place.
 F = Levels seen in this place.
 G = Mean time per level.
                   A        B        C        D        E       F      G
               +--------+--------+--------+--------+--------+-----+--------+
         Total |   3792 |   3607 |    185 |     87 |   3057 |   4 |  948.0 |
       Dungeon |   3792 |   3607 |    185 |     87 |   3057 |   4 |  948.0 |
               +--------+--------+--------+--------+--------+-----+--------+

Top non-repeatable levels by time:
     D:3: 1767 daAuts
     D:1: 1476 daAuts
     D:2: 539 daAuts
     D:4: 9 daAuts
